 Dungeon Crawl Stone Soup version 0.23.0-3-gf3c87f2 (webtiles) character file.

Game seed: 9536991605381696837

541 misha the Poker (level 7, 0/56 HPs)
             Began as a Merfolk Berserker on Feb 24, 2019.
             Was a Priest of Trog.
             Slain by an orc
             ... wielding a +0 trident
              (3 damage)
             ... on level 4 of the Dungeon.
             The game lasted 00:11:20 (4617 turns).

misha the Poker (Merfolk Berserker)                 Turns: 4617, Time: 00:11:22

Health: 0/56       AC:  5    Str: 19    XL:     7   Next: 26%
Magic:  7/7        EV: 13    Int:  7    God:    Trog [***...]
Gold:   145        SH:  0    Dex: 13    Spells: 6/6 levels left

rFire    . . .     SeeInvis .   b - +1 whip (distort)
rCold    . . .     Gourm    .   (no shield)
rNeg     . . .     Faith    .   l - +0 ring mail
rPois    .         Spirit   .   (no helmet)
rElec    .         Reflect  .   (no cloak)
rCorr    .         Harm     .   (no gloves)
MR       .....                  (no boots)
Stlth    ++........             (no amulet)
HPRegen  0.18/turn              (no ring)
MPRegen  0.10/turn              (no ring)

@: slowed, very slow
A: change form in water, swift swim, stealthy swim
a: Berserk, Trog's Hand, Renounce Religion


You were on level 4 of the Dungeon.
You worshipped Trog.
Trog was most pleased with you.
You were very hungry.

You visited 1 branch of the dungeon, and saw 4 of its levels.

You collected 145 gold pieces.

Inventory:

Hand Weapons
 a - a +1 spear
 b - a +1 whip of distortion (weapon)
Missiles
 k - 197 stones (quivered)
 m - 15 poisoned needles
 q - 32 sling bullets
 z - 2 tomahawks of returning
Armour
 l - a +0 ring mail (worn)
 y - a +0 animal skin
Jewellery
 p - an uncursed ring of stealth {unknown}
 s - a +2 ring of intelligence {unknown}
 t - a +4 ring of strength {unknown}
Wands
 A - a wand of paralysis (5)
Scrolls
 h - 2 scrolls of amnesia {unknown}
 i - 2 scrolls of identify {unknown}
 o - 3 scrolls of fog {unknown}
 r - a scroll of enchant weapon
 w - a scroll of enchant armour {unknown}
Potions
 d - 2 potions of curing {unknown}
 e - 2 potions of degeneration {unknown}
 f - a potion of berserk rage {unknown}
 j - a potion of cancellation {unknown}
 n - 2 potions of agility {unknown}
 u - a potion of lignification {unknown}
 v - a potion of brilliance {unknown}
 x - a potion of resistance {unknown}
Comestibles
 c - 6 rations


   Skills:
 + Level 5.2 Fighting
 + Level 7.8 Polearms
 - Level 1.7 Armour
 + Level 5.1 Dodging
 + Level 3.1 Stealth


You had 6 spell levels left.
You didn't know any spells.
Your spell library was empty.

Dungeon Overview and Level Annotations

Branches:
Dungeon (4/15)
 Temple: D:4-7

Altars:
Gozag
Hepliaklqana
Yredelemnul
Zin
The Shining One


Message History

The orc wizard hits you but does no damage.
The orc closely misses you.
You see here an orc corpse.
The orc wizard hits you with a +0 lajatang!
The orc wizard barely misses you. The orc barely misses you.
The orc wizard hits you with a +0 lajatang!
* * * LOW HITPOINT WARNING * * *
The orc barely misses you.
You are too injured to fight recklessly!
You are too injured to fight recklessly!
You are too injured to fight recklessly!
As you read the scroll of teleportation, it crumbles to dust.
You feel strangely unstable. The orc wizard misses you. The orc misses you.
An orc comes into view.
The orc wizard hits you with a +0 lajatang!
* * * LOW HITPOINT WARNING * * *
Your surroundings seem slightly different.
The orc wizard barely misses you. x2
The orc hits you from afar with a +0 trident.
You die...

#...#.....#...#
#...#.....#...#
#'####....#...#
#...##....'...#
#....#...##...# ..
#...###'#####'# ....
#...#.....#...#
.....#####...o.#...# ..
.........†..oo@#...#...
.......=.......#####...
.......................
.......................
........o..............
...o................#'#
..#############.....'..
.. #....#.....#..
#....'.....#


You could see an orc wizard and 3 orcs.

Vanquished Creatures
  A phantom (D:3)
  An ice beast (D:2)
  An ogre (D:4)
  3 hounds
  A hound skeleton (D:2)
  5 adders
  A gnoll (D:3)
  3 oozes
  A worm (D:2)
  3 dart slugs
  3 leopard geckos
  6 orcs
  5 giant cockroaches
  2 gnoll zombies (D:2)
  10 hobgoblins
  8 jackals (D:4)
  3 quokkas
  7 bats
  9 frilled lizards
  3 goblins
  6 kobolds
  6 rats
88 creatures vanquished.

Notes
Turn   | Place    | Note
-------+----------+-------------------------------------------
     0 | D:1      | misha the Merfolk Berserker began the quest for the Orb.
     0 | D:1      | Reached XP level 1. HP: 18/18 MP: 1/1
    67 | D:1      | Reached XP level 2. HP: 23/24 MP: 2/2
   390 | D:1      | Reached skill level 5 in Polearms
   467 | D:1      | Reached XP level 3. HP: 20/30 MP: 3/3
   936 | D:2      | Found a basalt altar of Yredelemnul.
  1045 | D:2      | Reached ** piety under Trog
  1045 | D:2      | Reached XP level 4. HP: 20/37 MP: 4/4
  1410 | D:2      | Noticed an ice beast
  1452 | D:2      | Killed an ice beast
  1452 | D:2      | Reached skill level 6 in Polearms
  1452 | D:2      | Reached skill level 1 in Stealth
  1452 | D:2      | Reached XP level 5. HP: 17/42 MP: 5/5
  1790 | D:2      | Found a glowing silver altar of Zin.
  1790 | D:2      | Found an opulent altar of Gozag.
  1850 | D:2      | Found a glowing golden altar of the Shining One.
  2238 | D:3      | Noticed a phantom
  2335 | D:3      | Killed a phantom
  2335 | D:3      | Reached skill level 7 in Polearms
  2335 | D:3      | Reached XP level 6. HP: 23/49 MP: 6/6
  2769 | D:3      | Found a hazy altar of Hepliaklqana.
  3701 | D:4      | Reached skill level 5 in Fighting
  3701 | D:4      | Reached XP level 7. HP: 6/56 MP: 7/7
  4202 | D:4      | Reached *** piety under Trog
  4323 | D:4      | Reached skill level 5 in Dodging
  4614 | D:4      | HP: 2/56 [orc wizard/+0 lajatang (12)]
  4617 | D:4      | Slain by an orc

Skill      XL: |  1  2  3  4  5  6  7 |
---------------+----------------------+-----
Polearms       | 5 6 7 |  7.8
Dodging        | 3 4 5 |  5.1
Fighting       | 4 5 |  5.2
Stealth        | 1 2 3 |  3.1
Armour         | |  1.7

Action                   |  1- 3 |  4- 6 |  7- 9 || total
-------------------------+-------+-------+-------++-------
Melee: Spear             |   130 |   203 |       ||   333
       Whip              |       |     6 |    43 ||    49
Invok: Berserk           |       |     2 |       ||     2
  Use: Scroll            |       |     2 |     1 ||     3
 Stab: Sleeping          |     1 |     2 |       ||     3
  Eat: Chunk             |       |     6 |     3 ||     9
       Ration            |       |     1 |       ||     1
Armor: Animal skin       |    19 |       |       ||    19
       Ring mail         |     8 |    36 |    17 ||    61
Dodge: Dodged            |    69 |    96 |    60 ||   225
